 Dungeon Crawl Stone Soup version 0.28-a0-724-g66f9036eb4 (webtiles) character file.

Game seed: 3552003659770618370

142 sanka the Chopper (level 5, -5/43 HPs)
             Began as a Palentonga Fighter on Oct 26, 2021.
             Slain by Grinder (6 damage)
             ... on level 4 of the Dungeon.
             The game lasted 00:03:09 (3077 turns).

sanka the Chopper (Palentonga Fighter)              Turns: 3077, Time: 00:03:11

Health: -5/43      AC:  6    Str: 19    XL:     5   Next: 4%
Magic:  5/5        EV:  7    Int:  8    God:
Gold:   74         SH:  4    Dex: 11    Spells: 4/4 levels left

rFire   . . .      SeeInvis +   a - +0 war axe
rCold   . . .      Faith    .   c - +0 buckler
rNeg    . . .      Spirit   .   b - +0 scale mail
rPois   .          Reflect  .   (no helmet)
rElec   .          Harm     .   (no cloak)
rCorr   .          Rampage  .   (no gloves)
Will    .....                   (no barding)
Stlth   ..........              p - amulet of the acrobat
HPRegen 0.14/turn               (no ring)
MPRegen 0.09/turn               (no ring)

@: no status effects
A: large, rugged brown scales 3, see invisible, deformed body, roll 1, armoured
tail
a: Rolling Charge


You were on level 4 of the Dungeon.
You visited 1 branch of the dungeon, and saw 4 of its levels.

You collected 74 gold pieces.


Innate Abilities, Weirdness & Mutations

You are completely covered in rugged brown scales. (AC +3, +7% HP)
You have supernaturally acute eyesight. (SInv)
Armour fits poorly on your strangely shaped body.
You can roll at nearby foes to attack.
You have a long armoured tail.


   Skills:
 - Level 3.0 Fighting
 + Level 5.3 Axes
 - Level 2.4 Armour
 - Level 2.4 Shields


You had 4 spell levels left.
You didn't know any spells.
Your spell library contained the following spells:

 Spells                   Type           Power      Damage    Failure   Level
 Beastly Appendage        Tmut           0%         N/A       78%         1
 Magic Dart               Conj           0%         1d3       78%         1
 Call Imp                 Summ           0%         N/A       89%         2
 Wereblood                Tmut           0%         N/A       89%         2
 Mephitic Cloud           Conj/Pois/Air  0%         N/A       98%         3
 Spider Form              Tmut/Pois      0%         N/A       98%         3

Inventory:

Hand Weapons
 a - a +0 war axe (weapon)
Armour
 b - a +0 scale mail (worn)
 c - a +0 buckler (worn)
 r - a +0 chain mail
Jewellery
 p - an amulet of the acrobat (around neck)
Scrolls
 e - a scroll of enchant weapon {unknown}
 f - a scroll of magic mapping {unknown}
 h - a scroll of fog {unknown}
 j - a scroll of vulnerability {unknown}
 k - a scroll of immolation {unknown}
 m - 2 scrolls of teleportation {unknown}
 n - 2 scrolls of identify {unknown}
 o - a scroll of silence {unknown}
 u - a scroll of summoning {unknown}
Potions
 d - a potion of might
 g - a potion of invisibility {unknown}
 i - a potion of brilliance {unknown}
 l - 3 potions of curing {unknown}
 q - 2 potions of magic {unknown}
 s - 2 potions of lignification {unknown}
 t - a potion of heal wounds {unknown}

Dungeon Overview and Level Annotations

Branches:
Dungeon (4/15)
 Temple: D:4-7

Altars:

Annotations:
D:4 Grinder

.▒▒..▒....▒.▒▒▒▒......▒
..▒..▒▒......▒▒......▒
......▒▒▒▒▒..........▒
.....▒▒ ▒.......▒...▒▒
<..>..▒ ▒.▒▒.▒▒......▒▒
.....▒▒ ▒..
▒▒▒▒)......▒ ..▒..▒ ▒▒.
▒▒▒▒.▒▒▒...▒ ..▒▒..
..▒▒▒..▒.▒▒▒..▒▒ ...
▒▒. ▒.....5H......▒ ...
.. ▒......▒†.......
.(......▒▒......
........ ......
........ ......
........ ..... ......▒.
▒.... .▒....


You could see Grinder.


Message History

You writhe in agony.
You block Grinder's attack.
You barely miss Grinder.
Grinder is lightly wounded.
You barely miss the ball python.
The ball python bites you but does no damage.
Grinder barely misses you.
You slash Grinder!
Grinder is moderately wounded.
You slash the ball python!
You kill the ball python!
Grinder hits you!
* * * LOW HITPOINT WARNING * * *
You writhe in agony.
* * * LOW HITPOINT WARNING * * *
You barely miss Grinder.
Grinder is moderately wounded.
Grinder hits you but does no damage.
You hit Grinder but do no damage.
Grinder is moderately wounded.
Grinder hits you.
* * * LOW HITPOINT WARNING * * *
You barely miss Grinder. You tail-slap Grinder.
Grinder is moderately wounded.
Grinder closely misses you. Grinder hits you.
* * * LOW HITPOINT WARNING * * *
You writhe in agony.
You die...

Action                   |  1- 3 |  4- 6 || total
-------------------------+-------+-------++-------
Melee: War axe           |    76 |    78 ||   154
       Tailslap          |    15 |     8 ||    23
 Abil: Rolling Charge    |    19 |     5 ||    24
Armor: Scale mail        |    25 |    24 ||    49
Dodge: Dodged            |    21 |    40 ||    61
Block: Buckler           |    10 |    13 ||    23

Levels and vault maps discovered:
D:1:      lemuel_arrival_rhombus, layout_loops_ring,
          shapermc_ecumenical_altar_petra
D:2:      layout_basic, minmay_3d_cube, uniq_terence
D:3:      layout_loops_corners, dk_noncrumbling_4, minivault_27,
          hangedman_decor_points
D:4:      layout_cave_pools, amethyst_overflow_temple_binary, uniq_grinder

Notes
Turn   | Place    | Note
-------+----------+-------------------------------------------
     0 | D:1      | sanka the Palentonga Fighter began the quest for the Orb.
     0 | D:1      | Reached XP level 1. HP: 19/19 MP: 1/1
   106 | D:1      | Reached XP level 2. HP: 20/25 MP: 2/2
   348 | D:1      | Reached skill level 3 in Axes
   788 | D:1      | Found a faded altar of an unknown god.
   837 | D:2      | Reached XP level 3. HP: 31/31 MP: 3/3
  1181 | D:2      | Reached skill level 4 in Axes
  1189 | D:2      | Noticed Terence
  1193 | D:2      | Killed Terence
  1194 | D:2      | Reached XP level 4. HP: 28/37 MP: 4/4
  2207 | D:3      | Reached skill level 5 in Axes
  2677 | D:3      | Reached XP level 5. HP: 41/43 MP: 5/5
  3065 | D:4      | Noticed Grinder
  3077 | D:4      | HP: 1/43 [Grinder (5)]
  3077 | D:4      | Slain by Grinder

Vanquished Creatures
  An orc priest (D:3)
  Terence (D:2)
  2 adders (D:2)
  A worm (D:2)
  3 dart slugs
  4 orcs (D:3)
  7 ball pythons
  6 endoplasms
  A giant cockroach (D:2)
  6 goblins
  5 hobgoblins
  2 jackals (D:2)
  3 kobolds
  A quokka (D:3)
  3 bats
  3 frilled lizards (D:1)
  6 rats
55 creatures vanquished.

Vanquished Creatures (others)
  4 fungi (D:1)
4 creatures vanquished.

Grand Total: 59 creatures vanquished
